 Dungeon Crawl Stone Soup version 0.31.0-11-ge490571c62 (webtiles) character file.

Game seed: 754613134340853560

90 qw the Shooter (level 4, -1/25 HPs)
             Began as a Deep Elf Hunter on Feb 4, 2024.
             Slain by an ice beast (9 damage)
             ... on level 3 of the Dungeon.
             The game lasted 00:00:07 (2120 turns).

qw the Shooter (Deep Elf Hunter)                    Turns: 2120, Time: 00:00:08

Health: -1/25      AC:  3    Str: 16    XL:     4   Next: 32%
Magic:  6/6        EV: 12    Int: 14    God:
Gold:   67         SH:  5    Dex: 18    Spells: 3/3 levels left

rFire   . . .        a - +1 shortbow (freeze)
rCold   . . .        (shield currently unavailable)
rNeg    . . .        c - +0 leather armour
rPois   .            (no helmet)
rElec   .            (no cloak)
rCorr   .            (no gloves)
SInv    .            (no boots)
Will    .....        i - amulet of reflection
Stlth   ++           h - +6 ring of strength
HPRegen 0.24/turn    (no ring)
MPRegen 0.10/turn

%: reflection
@: no status effects
A: no striking features
a: no special abilities


You were on level 3 of the Dungeon.
You visited 1 branch of the dungeon, and saw 3 of its levels.

You collected 67 gold pieces.


   Skills:
 - Level 1.5 Fighting
 + Level 7.7 Ranged Weapons
 - Level 2.4 Dodging
 - Level 1.2 Stealth


You had 3 spell levels left.
You didn't know any spells.
Your spell library was empty.

Inventory:

Hand Weapons
 a - a +1 shortbow of freezing (weapon)
Armour
 c - a +0 leather armour (worn)
 d - a +0 pair of boots
 j - a +0 ring mail
Jewellery
 h - a +6 ring of strength (left hand)
 i - an amulet of reflection (around neck)
Scrolls
 n - a scroll of teleportation {unknown}
Potions
 b - a potion of cancellation
 e - 2 potions of mutation
 f - a potion of heal wounds
 g - a potion of invisibility {unknown}
 k - a potion of ambrosia {unknown}
 l - a potion of enlightenment {unknown}
 m - a potion of brilliance {unknown}
 o - a potion of curing {unknown}

Dungeon Overview and Level Annotations

Branches:
Dungeon (3/15)

Altars:
Kikubaaqudgha

Annotations:
D:3 1 runed translucent door, Crazy Yiuf


Message History

You shoot an arrow. The arrow hits the ball python!
The ball python seems to slow down.
The arrow freezes the ball python.
You kill the ball python!
A rat comes into view.
The rat squeaks loudly.
You shoot an arrow. The arrow hits the rat.
The arrow freezes the rat.
The rat is severely wounded.
You shoot an arrow. The arrow hits the rat!
The arrow freezes the rat.
You kill the rat!
An ice beast comes into view.
You shoot an arrow. The arrow hits the ice beast.
The ice beast is lightly wounded.
You shoot an arrow.
The arrow hits the ice beast but does no damage.
The ice beast is lightly wounded.
You shoot an arrow. The arrow barely misses the ice beast.
You shoot an arrow.
The arrow hits the ice beast but does no damage.
The ice beast is lightly wounded.
You shoot an arrow.
The arrow hits the ice beast but does no damage.
The ice beast misses you.
The ice beast hits you but does no damage.
You shoot an arrow. The arrow barely misses the ice beast.
You block the ice beast's attack.
You shoot an arrow. The arrow barely misses the ice beast.
The ice beast hits you. The ice beast freezes you!
Ouch! That really hurt!
You shoot an arrow.
The arrow hits the ice beast but does no damage.
The ice beast closely misses you.
You shoot an arrow.
The arrow hits the ice beast but does no damage.
The ice beast hits you but does no damage.
You shoot an arrow. The arrow hits the ice beast.
The ice beast is lightly wounded.
The ice beast barely misses you.
You shoot an arrow. The arrow closely misses the ice beast.
The ice beast hits you. The ice beast freezes you!
You die...

#.##. ## #... .. ##... . ....%#
##### ###..#. ##...## ..... #
#.##... #.Y###.# #.##... ####
#.@....# #.##%.. ..# ##......#
###...## #.# #...##### #...#...
###.#### #...# #.#####. .......#
#...# #...#... <###.#.#
#####...##### #.#.#.##
.###.#.###...........#####.#...##
.##............<...........#.....
.##..#.###...........###.....).##


You could see an ice beast.

Vanquished Creatures
  An adder (D:2)
  4 dart slugs
  A ribbon worm (D:2)
  An orc (D:3)
  4 ball pythons
  8 bats
  8 endoplasms
  4 giant cockroaches (D:1)
  5 goblins
  8 hobgoblins
  2 jackals (D:2)
  7 kobolds
  A quokka (D:1)
  2 frilled lizards
  8 rats
64 creatures vanquished.

Notes
Turn   | Place    | Note
-------+----------+-------------------------------------------
     0 | D:1      | qw the Deep Elf Hunter began the quest for the Orb.
     0 | D:1      | Reached XP level 1. HP: 12/12 MP: 3/3
     0 | D:1      | 0 ||| qw: Version: 0.3-a-160-g6735b56
     0 | D:1      | 0 ||| qw: Game counter: 5741
     0 | D:1      | 0 ||| qw: Melee chars always use a shield: true
     0 | D:1      | 0 ||| qw: God list: Okawaru
     0 | D:1      | 0 ||| qw: Allow faded altars: false
     0 | D:1      | 0 ||| qw: Do Orc after clearing Dungeon:15 true
     0 | D:1      | 0 ||| qw: Do second Lair branch before Depths: true
     0 | D:1      | 0 ||| qw: Lair rune preference: random
     0 | D:1      | 0 ||| qw: Goals: Normal
     0 | D:1      | 0 ||| PLANNING D:1-11
   125 | D:1      | Reached skill level 6 in Ranged Weapons
   125 | D:1      | Reached XP level 2. HP: 16/16 MP: 4/4
   370 | D:1      | Reached XP level 3. HP: 20/20 MP: 5/5
   774 | D:1      | 774 ||| UPGRADING to amulet of reflection.
   779 | D:1      | 779 ||| READING 2 scrolls labelled ICHYINGURA.
   780 | D:1      | 780 ||| READING scroll labelled AVAMUL WEME.
   780 | D:1      | 780 ||| ENCHANTING +0 shortbow.
   781 | D:1      | 781 ||| READING 2 scrolls labelled YWEAKE FOWOU.
   782 | D:1      | 782 ||| READING scroll labelled TUSEYS WETEFI.
   782 | D:1      | 782 ||| IDENTIFYING 2 fizzy blue potions
   783 | D:1      | 783 ||| READING scroll labelled WIURHA VIRORCH.
   783 | D:1      | 783 ||| BRANDING +1 shortbow.
   784 | D:1      | 784 ||| DROPPING scroll of butterflies.
   785 | D:1      | 785 ||| DROPPING scroll of immolation.
   786 | D:1      | 786 ||| DROPPING scroll of noise.
   803 | D:2      | Reached skill level 7 in Ranged Weapons
   876 | D:2      | 876 ||| DROPPING +1 sling of freezing.
   965 | D:2      | 965 ||| READING scroll of identify.
   965 | D:2      | 965 ||| IDENTIFYING cyan potion
   966 | D:2      | 966 ||| READING scroll labelled PAIREQEXOQ.
  1249 | D:2      | Reached XP level 4. HP: 25/25 MP: 6/6
  1671 | D:2      | Found an ancient bone altar of Kikubaaqudgha.
  1722 | D:2      | 1722 ||| UPGRADING to +6 ring of strength.
  1723 | D:2      | 1723 ||| READING scroll of identify.
  1723 | D:2      | 1723 ||| IDENTIFYING inky potion
  1724 | D:2      | 1724 ||| READING scroll labelled UMAMEDW ABLIODGH.
  1724 | D:2      | 1724 ||| ENCHANTING +1 shortbow of freezing.
  1725 | D:2      | 1725 ||| DRINKING 2 clear potions.
  1726 | D:2      | 1726 ||| DROPPING potion of berserk rage.
  1777 | D:3      | Found a runed translucent door.
  1778 | D:3      | Noticed Crazy Yiuf
  2109 | D:3      | Noticed an ice beast
  2120 | D:3      | Slain by an ice beast

Levels and vault maps discovered:
D:1:      mrwooster_arrival_statue, layout_loops_cross, patterned_corridor
D:2:      layout_basic, basic_altar, minmay_fractal_squares_gapless_5
D:3:      layout_loops_cross, jmf_multi_god_temple,
          hellmonk_ecumenical_altar_run_dry, minmay_misc_feat_more_columns,
          uniq_crazy_yiuf_cottage

Skill      XL: |  1  2  3 |
---------------+----------+-----
Ranged Weapons | 6 7 |  7.7
Fighting       | |  1.5
Dodging        | |  2.4
Stealth        | |  1.2

Action                     |  1- 3 |  4- 6 || total
---------------------------+-------+-------++-------
   Fire: Shortbow          |   104 |    35 ||   139
    Use: Scroll            |     7 |     2 ||     9
         Potion            |       |     1 ||     1
 Armour: Leather armour    |    12 |     7 ||    19
  Dodge: Dodged            |    16 |     3 ||    19
  Block: Other             |     5 |     1 ||     6
         Reflection        |     1 |       ||     1

Table legend:
 A = Non-vault XP
 B = Vault XP
 C = Vault XP percentage of total XP
 D = Non-vault monster count
 E = Vault monster count
 F = Vault count percentage of total count
                 A         B        C        D         E       F
            +---------+---------+-------+---------+---------+-------
      Total |     123 |       6 |   4.7 |      62 |       2 |   3.1
            +---------+---------+-------+---------+---------+-------
        D:1 |      56 |       0 |   0.0 |      30 |       0 |   0.0
        D:2 |      45 |       6 |  11.8 |      20 |       2 |   9.1
        D:3 |      22 |       0 |   0.0 |      12 |       0 |   0.0
            +---------+---------+-------+---------+---------+-------
